Workbook

Sheet receiptsandpayment
A4: 2022/23 | B4: LUDGERSHALL PARISH COUNCIL | C4: Power/Statute
A5: 1st April | B5: balances | D5: Treasurer | E5: 6099.06
D6: Village Green | E6: 6203.29
D7: Play Area | E7: 2.18
D8: Savings | E8: 73197.21
D9: total | E9: =SUM(E5:E8) -> 85501.74 | I9: INCOME | V9: EXPENDITURE
A10: date | B10: description | E10: Treasurer's a/c | F10: Village Green a/c | G10: Play Area a/c | H10: Savings a/c | I10: Precept | J10: Devolved Services | K10: Grants/Donations | L10: VAT | M10: Interest - Savings | N10: Interest - Village Green | O10: Wayleaves/Village Green - BT | P10: Wayleaves/Village Green - Power Networks | Q10: Wayleaves/Village Green - Gigaclear | R10: 200 Club/Play Area | S10: Easements | T10: Receipts misc | U10: Covid-19 Meals | V10: Clerk salary | W10: HMRC PAYE | X10: Clerk / Councillor expenses | Y10: Training | Z10: Subscriptions - BALC, SLCC, BPFA, OSS, AVALC | AA10: Insurance | AB10: Legal fees & Data Protection/ICO | AC10: Election Costs | AD10: Internal Audit | AE10: External Audit | AF10: Village Hall Hire | AG10: Play Around Parishes | AH10: RoSPA inspection | AI10: Noticeboard / Bench Maintenance | AJ10: Grounds maintenance/conitngency | AK10: Devolved Operating Expenses | AL10: Devolved - Equipment purchase | AM10: Tractor (Storage, Service & repairs) | AN10: Ride-on mower service & repairs | AO10: Jubilee | AP10: Pond | AQ10: AVDC - emptying of dog bins | AR10: Grant - Bike Night insurance | AS10: Grant - Village Hall | AT10: Grant - Churchyard maint S137 | AU10: Miscellaneous | AV10: Repayment of Legal Fees to Village Green | AW10: Coronavirus | AX10: Play Area Maintenance | AY10: Play Area Equipment | AZ10: 200 Club lottery registration | BA10: Play Area 200 Club prizes | BB10: Village Green Maintenance | BC10: Archiving | BD10: Website / Laptop | BE10: vat | BF10: Monthly payments | BG10: Monthly receipts
A11: 44652 | B11: Devolved Services | E11: 1220.12 | J11: 1220.12
A12: 44660 | B12: Interest | G12: 0.48 | N12: 0.48
A13: 44663 | B13: Precept | E13: 5467.5 | I13: 5467.5
A14: 44667 | B14: Bucks Council - Dog Bins | D14: 474 | E14: 449.52 | AQ14: 449.52
B15: VOID | D15: 475
A16: 44671 | B16: R Damerell - Clerk Salary | D16: 476 | E16: 221.15 | V16: 221.15
A17: 44671 | B17: HMRC - PAYE | D17: 477 | E17: 55.2 | W17: 55.2
A18: 44652 | B18: 200 Club 1st Prize | D18: 356 | E18: 50 | BA18: 50
A19: 44652 | B19: 200 Club 2nd Prize | D19: 357 | E19: 35 | BA19: 35
A20: 44652 | B20: 200 Club 3rd Prize | D20: 358 | E20: 25 | BA20: 25
A21: 44652 | B21: 200 Club 4th Prize | D21: 359 | E21: 20 | BA21: 20 | BF21: =SUM(V11:BE21) -> 855.87 | BG21: =SUM(I11:U21) -> 6688.1
A22: 44690 | B22: Interest | F22: 0.56 | N22: 0.56
A23: 44686 | B23: SWARCO - Posts | D23: 478 | E23: 526.26 | AU23: 526.26
A24: 44686 | B24: C Lewin - Jubilee Mugs | D24: 479 | E24: 487.15 | AU24: 487.15
A25: 44700 | B25: C Lewin - Tree Plate | D25: 480 | E25: 200 | AJ25: 200
A26: 44700 | B26: R Jones - Petrol | D26: 481 | E26: 25.35 | AN26: 25.35
A27: 44700 | B27: J Goss - Petrol | D27: 482 | E27: 60.71 | AN27: 60.71
A28: 44700 | B28: C Lewin - Laminator | D28: 483 | E28: 51.94 | X28: 51.94
A29: 44700 | B29: C Lewin - 3X Elm Trees | D29: 484 | E29: 246.73 | AJ29: 246.73
A30: 44700 | B30: R Damerell - Small Lottery License | D30: 485 | E30: 40 | AZ30: 40
A31: 44700 | B31: Clerk Salary - May | D31: 486 | E31: 221.15 | V31: 221.15
A32: 44700 | B32: HMRC - PAYE | D32: 487 | E32: 55.2 | W32: 55.2
A33: 44700 | B33: S Lawson - Creuceut | D33: 488 | E33: 43.99 | X33: 43.99
A34: 44706 | B34: Zoom Subs - Jan - Apr | D34: 489 | E34: 57.56 | X34: 57.56
A35: 44707 | B35: Motor Insurance | D35: 490 | E35: 594.08 | AA35: 594.08
A36: 44707 | B36: Liability Insurance | D36: 491 | E36: 1517.47 | AA36: 1517.47
A37: 44682 | B37: 200 Club - 1st Prize | D37: 360 | F37: 50 | BA37: 50
A38: 44682 | B38: 200 Clubs 2nd Prize | D38: 361 | F38: 35 | BA38: 35
A39: 44682 | B39: 200 Club 3rd Prize | D39: 362 | F39: 25 | BA39: 25
A40: 44682 | B40: 200 Club 4th Prize | D40: 363 | F40: 20 | BA40: 20 | BF40: =SUM(V22:BE40) -> 4257.59 | BG40: =SUM(I22:U40) -> 0.56
A41: 44721 | B41: Interest | F41: 0.62 | N41: 0.62
A42: 44715 | B42: E Fisher - Jubilee Food | D42: 492 | E42: 368 | AO42: 368
A43: 44721 | B43: BBQ Replacement | D43: 493 | E43: 320 | AO43: 320
A44: 44721 | B44: R Damerell Local Government 1.75% backdated pay | D44: 494 | E44: 61.87 | V44: 61.87
A45: 44721 | B45: R Damerell - Stamps | D45: 495 | E45: 18.48 | X45: 18.48
A46: 44735 | B46: J Goss - Petrol | D46: 496 | E46: 34.1 | X46: 34.1
A47: 44735 | B47: J Goss - Mower Belt | D47: 497 | E47: 62.99 | AN47: 62.99
A48: 44735 | B48: R Damerell - Clerk Salary | D48: 498 | E48: 221.15 | V48: 221.15
A49: 44735 | B49: V Daly - Jubilee Barn Dance | D49: 499 | E49: 200 | AO49: 200
A50: 44735 | B50: APPAS - Inflatable castle | D50: 500 | E50: 80 | AO50: 80
A51: 44735 | B51: Helena Cox - Jubilee | D51: 501 | E51: 330.13 | AO51: 330.13
A52: 44735 | B52: C Lewin Jubilee | D52: 502 | E52: 76.85 | AO52: 76.85
A53: 44735 | B53: E Fisher - Jubilee | D53: 503 | E53: 124.75 | AO53: 124.75
A54: 44735 | B54: G Wilson | D54: 504 | E54: 65.32 | AO54: 65.32
A55: 44735 | B55: Jill Bailey - Jubilee | D55: 505 | E55: 50 | AO55: 50
A56: 44735 | B56: Julie Barnett | D56: 506 | E56: 32 | AO56: 32
A57: 44735 | B57: Chris Rosentall - Jubilee | D57: 507 | E57: 48.63 | AO57: 48.63
A58: 44735 | B58: Wen - Jubilee | D58: 508 | E58: 140 | AO58: 140
A59: 44735 | B59: Bill Gardner - Jubilee | D59: 509 | E59: 164.59 | AO59: 164.59
A60: 44735 | B60: Ingrid Brown | D60: 510 | E60: 23.55 | AO60: 23.55
... A62: 44735 | B62: Ludgershall Memorial Hall Hire | D62: 512 | E62: 150 | AO62: 150
A63: 44735 | B63: V Daly - Posts | D63: 513 | E63: 1062 | BB63: 1062
A64: 44735 | B64: HMRC - PAYE | D64: 514 | E64: 69.8 | W64: 69.8
A65: 44713 | B65: 200 Club - 1st Prize June | D65: 364 | G65: 50 | BA65: 50
A66: 44713 | B66: 200 Club - 2nd Prize June | D66: 365 | G66: 35 | BA66: 35
A67: 44713 | B67: 200 Club - 3rd Prize June | D67: 366 | G67: 25 | BA67: 25
B68: Void | BF68: =SUM(V41:BE68) -> 3892.35 | BG68: =SUM(I41:U68) -> 0.62
A69: 44753 | B69: Interest | F69: 0.64 | N69: 0.64
A70: 44769 | B70: Jubilee | G70: 80 | T70: 80
A71: 44770 | B71: Clerk Salary - July | D71: 516 | E71: 279.16 | V71: 279.16
B72: VOID
A73: 44770 | B73: Oxford Oak Tree - Tree Crowning | D73: 518 | E73: 480 | AJ73: 480
A74: 44743 | B74: 200 Club 1st Prize | D74: 368 | G74: 50 | BA74: 50
A75: 44743 | B75: 200 Club 2nd Prize | D75: 369 | G75: 35 | BA75: 35
A76: 44743 | B76: 200 Club 3rd Prize | D76: 370 | G76: 25 | BA76: 25
A77: 44743 | B77: 200 Club 4th Prize | D77: 371 | G77: 20 | BA77: 20 | BF77: =SUM(V69:BE77) -> 889.16 | BG77: =SUM(I69:U77) -> 80.64
A78: 44782 | B78: AJ Blackwell | G78: 40 | R78: 40
A79: 44782 | B79: Interest | F79: 2.43 | N79: 2.43
A80: 44774 | B80: R Damerell - Land Registry | D80: 515 | E80: 3 | X80: 3
A81: 44777 | B81: George Browns - Tractor Service | D81: 519 | E81: 1124.98 | AM81: 1124.98
A82: 44789 | B82: Clerk Salary - August | D82: 520 | E82: 224.99 | V82: 224.99
A83: 44789 | B83: HMRC - PAYE- July | D83: 521 | E83: 56.2 | W83: 56.2
A84: 44789 | B84: HMRC - PAYE- August | D84: 522 | E84: 56.2 | W84: 56.2
A85: 44774 | B85: 200 Club 1st Prize | D85: 372 | G85: 50 | BA85: 50
A86: 44774 | B86: 200 Club 2nd Prize | D86: 373 | G86: 35 | BA86: 35
A87: 44774 | B87: 200 Club 3rd Prize | D87: 374 | G87: 25 | BA87: 25
A88: 44774 | B88: 200 Club 4th Prize | D88: 375 | G88: 20 | BA88: 20
A89: 44774 | B89: 200 Club - June 4th re-issue | D89: 376 | G89: 20 | BA89: 20 | BF89: =SUM(V78:BE89) -> 1615.37 | BG89: =SUM(I78:U89) -> 42.43
A90: 44824 | B90: Bucks Council - Precept 2nd Instalment | E90: 5467.5 | I90: 5467.5
A91: 44809 | B91: C Rosentall - 200 Club | G91: 20 | R91: 20
A92: 44816 | B92: V Evans - 200 Club | G92: 20 | R92: 20
A93: 44813 | B93: Interest | G93: 3.11 | N93: 3.11
A94: 44807 | B94: BALC - ROW Training | D94: 523 | E94: 35 | Y94: 35
A95: 44807 | B95: R Damerell - Zoom | D95: 524 | E95: 43.17 | X95: 43.17
A96: 44807 | B96: R Damerell - Printer Cartridges | D96: 525 | E96: 23.99 | X96: 23.99
B97: VOID | D97: 526
B98: VOID | D98: 527
A99: 44825 | B99: R Damerell - Clerk Salary | D99: 528 | E99: 224.99 | V99: 224.99
A100: 44825 | B100: HMRC PAYE - Sept | D100: 529 | E100: 56.2 | W100: 56.2
A101: 44832 | B101: Zoom subs Sept | D101: 530 | E101: 14.39 | X101: 14.39
A102: 44832 | B102: R Damerell - Stamps | D102: 531 | E102: 15.88 | X102: 15.88
A103: 44805 | B103: 200 Club September 1st Prize | D103: 377 | G103: 50 | BA103: 50
A104: 44805 | B104: 200 Club September 2nd Prize | D104: 378 | G104: 35 | BA104: 35
...

Sheet bankrec
B5: LUDGERSHALL PARISH COUNCIL BANK RECONCILIATION
C7: 44651 | D7: 44681 | E7: 44712 | F7: 44742 | G7: 44773 | H7: 44804 | I7: 44834 | J7: 44865 | K7: 44895 | L7: 44926 | M7: 44957 | N7: 44985 | O7: 45016
B9: Treasurer's Current A/c | C9: 6099.06 | D9: 12116.01 | E9: 8125.28 | F9: 3230.14 | G9: 2154.52 | H9: 442.39 | I9: 5081.54
B10: Village Green A/c | C10: 73197.21 | D10: 73197.69 | E10: 73198.25 | F10: 73198.87 | G10: 73199.51 | H10: 73201.94 | I10: 73205.05
B11: Play Area A/c | C11: 6203.29 | D11: 6178.29 | E11: 5943.29 | F11: 5818.29 | G11: 5788.29 | H11: 5593.29 | I11: 5523.29
B12: Savings A/c | C12: 2.18 | D12: 2.18 | E12: 2.18 | F12: 2.18 | G12: 2.18 | H12: 2.18 | I12: 2.18
B13: Total | C13: =SUM(C9:C12) -> 85501.74 | D13: =SUM(D9:D12) -> 91494.17 | E13: =SUM(E9:E12) -> 87269 | F13: =SUM(F9:F12) -> 82249.48 | G13: =SUM(G9:G12) -> 81144.5 | H13: =SUM(H9:H12) -> 79239.8 | I13: =SUM(I9:I12) -> 83812.06 | J13: =SUM(J9:J12) -> 0 | ... O13: =SUM(O9:O12) -> 0
A16: A | B16: Change in Bank Balance (A) | C16: 49056.17 | D16: =D13-C13 -> 5992.43 | E16: =E13-D13 -> -4225.17 | F16: =F13-E13 -> -5019.52 | G16: =G13-F13 -> -1104.98 | H16: =H13-G13 -> -1904.7 | I16: =I13-H13 -> 4572.26 | J16: =J13-I13 -> -83812.06 | K16: =K13-J13 -> 0 | ... O16: =O13-N13 -> 0
B19: Receipts | C19: 52294.08 | D19: =receiptsandpayment!BG21 -> 6688.1 | E19: =receiptsandpayment!BG40 -> 0.56 | F19: =receiptsandpayment!BG68 -> 0.62 | G19: =receiptsandpayment!BG77 -> 80.64 | H19: =receiptsandpayment!BG89 -> 42.43 | I19: =receiptsandpayment!BG106 -> 5510.61 | J19: =receiptsandpayment!BG121 -> 0 | K19: =receiptsandpayment!BG146 -> 0 | L19: =receiptsandpayment!BG156 -> 0 | M19: =receiptsandpayment!BG177 -> 0 | N19: =receiptsandpayment!BG188 -> 0 | O19: =receiptsandpayment!BG201 -> 0
B20: Payments | C20: 4301.15 | D20: =receiptsandpayment!BF21 -> 855.87 | E20: =receiptsandpayment!BF40 -> 4257.59 | F20: =receiptsandpayment!BF68 -> 3892.35 | G20: =receiptsandpayment!BF77 -> 889.16 | H20: =receiptsandpayment!BF89 -> 1615.37 | I20: =receiptsandpayment!BF106 -> 543.62 | J20: =receiptsandpayment!BF121 -> 0 | K20: =receiptsandpayment!BF146 -> 0 | L20: =receiptsandpayment!BF156 -> 0 | M20: =receiptsandpayment!BF177 -> 0 | N20: =receiptsandpayment!BF188 -> 0 | O20: =receiptsandpayment!BF201 -> 0
B21: Difference(B) | C21: =C19-C20 -> 47992.93 | D21: =D19-D20 -> 5832.23 | E21: =E19-E20 -> -4257.03 | F21: =F19-F20 -> -3891.73 | G21: =G19-G20 -> -808.52 | H21: =H19-H20 -> -1572.94 | I21: =I19-I20 -> 4966.99 | J21: =J19-J20 -> 0 | ... O21: =O19-O20 -> 0
B25: Difference (A-B) | C25: =C16-C21 -> 1063.24 | D25: =D16-D21 -> 160.2 | E25: =E16-E21 -> 31.86 | F25: =F16-F21 -> -1127.79 | G25: =G16-G21 -> -296.46 | H25: =H16-H21 -> -331.76 | I25: =I16-I21 -> -394.73 | J25: =J16-J21 -> -83812.06 | ... O25: =O16-O21 -> 0
B28: Cheques now paid | C28: Cheque 452 - £360.00 Cheque 458 - £150.00 Cheque 460 - £100.00 Cheque 461 - £95.88 Cheque 462 - £25.77 Cheque 463 - £24.86 Cheque 464 - £25.25 Cheque 467 - £221.15 Cheque 469 - £85.00 Cheque 319 - £35.00 Cheque 329 - £20.00 Cheque 344 - £50.00 Cheque 346 - £25.00 Cheque 347 - £20.00 | D28: Cheque 470 - £221.15 Cheque 350 - £25.00 | E28: Cheque 472 - £1,693.90 Cheque 473 - £200.90 Cheque 476 - £221.15 Cheque 349 - £35.00 (p) Cheque 351 - £20.00(p) Cheque 354 - £25.00(p) Cheque 355 - £20.00(p) Cheque 356 - £50.00(p) Cheque 357 - £35.00(p) | F28: Cheque 468 - 55.20 Cheque 471 - £55.20 Cheque 477 - £55.20 Cheque 481 - £25.35 Cheque 482 - £60.71 Cheque 487 - £55.20 Cheque 490 - £594.08 Cheque 491 - £1,517.47 Cheque 358 - £25.00 Cheque 359 - £20.00 Cheque 361 - £35.00 Cheque 362 - £25.00 Cheque 363 - £20.00 | G28: Cheque 501 - £330.13 Cheque 502 - £76.85 Cheque 503 - £124.75 Cheque 504 - £65.32 Cheque 506 - £32.00 Cheque 507 - £48.63 Cheque 508 - £140.00 Cheque 509 - £164.59 Cheque 510 - £23.55 Cheque 514 - £69.80 Cheque 352 - £50.00 Cheque 353 - £35.00 Cheque 366 - £25.00 | H28: Cheque 500 - £80.00 Cheque 516 - £279.16 Cheque 364 - £50.00 Cheque 365 - £35.00 Cheque 368 - £50.00 Cheque 369 - £35.00 Cheque 370 - £25.00 Cheque 371 - £20.00 | I28: Cheque 518 - £480 Cheque 521 - £56.20 Cheque 290 - £35.00 Cheque 372 - £50.00 Cheque 374 - £25.00
B29: TOTAL | C29: 1237.91 | D29: 246.15 | E29: 2300.95 | F29: 2543.41 | G29: 1185.62 | H29: 574.16 | I29: 646.2
B30: Cheques not yet presented | C30: Cheque 470 - £221.15 Cheque 471 - £55.20 Cheque 472 - £1,693.90 Cheque 473 - £200.90 Cheque 352 - £50.00 Cheque 353 - £35.00 Cheque 354 - £25.00 Cheque 355 - £20.00 | D30: Cheque 476 - £221.15 Cheque 477 - £55.20 Cheque 356 - £50.00 Cheque 357 - £35.00 Cheque 358 - £25.00 Cheque 359 - £20.00 | E30: Cheque 481 - £25.35 Cheque 482 - £60.71 Cheque 487 - £55.20 Cheque 490 - £594.08 Cheque 491 - £1,517.47 Cheque 361 - £35.00 Cheque 362 - £25.00 Cheque 363 - £20.00 | F30: Cheque 500 - £80.00 Cheque 501 - £330.13 Cheque 502 - £76.85 Cheque 503 - £124.75 Cheque 504 - £65.32 Cheque 506 - £32.00 Cheque 507 - £48.63 Cheque 508 - £140.00 Cheque 509 - £164.59 Cheque 510 - £23.55 Cheque 512 - £150.00 Cheque 514 - £69.80 Cheque 364 - £50.00 Cheque 365 - £35.00 Cheque 366 - £25.00 Cheque 367 - VOID | G30: Cheque 516 - £279.16 Cheque 518 - £480 Cheque 368 - £50.00 Cheque 369 - £35.00 Cheque 370 - £25.00 Cheque 371 - £20.00 | H30: Cheque 521 - £56.20 Cheque 522 - £56.20 Cheque 372 - £50.00 Cheque 373 - £35.00 Cheque 374 - £25.00 Cheque 375 - £20.00 | I30: Cheque 523 - £35.00 Cheque 529 - £56.20 Cheque 530 - £14.39 Cheque 531 - £15.88 Cheque 377 - £50.00 Cheque 378 - £35.00 Cheque 379 - £25.00 Cheque 380 - £20.00
B31: TOTAL | C31: 2301.15 | D31: 406.35 | E31: 2332.81 | F31: 1435.62 | G31: 889.16 | H31: 242.4 | I31: 251.47
B32: NET TOTAL AGREES TO DIFFERENCE (A-B above) | C32: =C31-C29 -> 1063.24 | D32: =D31-D29 -> 160.2 | E32: =E31-E29 -> 31.86 | F32: =F31-F29 -> -1107.79 | G32: =G31-G29 -> -296.46 | H32: =H31-H29 -> -331.76 | I32: =I31-I29 -> -394.73 | J32: =J31-J29 -> 0 | ... O32: =O31-O29 -> 0

Sheet Budget
B2: Ludgershall Parish Council | D2: 53.23 | E2: Band D | F2: 53.23 | G2: Band D
D3: 190.89 | E3: tax base | F3: 190.89 | G3: tax base
H5: 2022/23 | I5: 2022/23
H6: Budget | I6: Year to Date 2022/23
B7: Opening Bank Balance 1st April | I7: 85501.74
B8: Unpresented chq | I8: 2600.3
B9: Opening Book Balance - available for spend | I9: =SUM(I7-I8) -> 82901.44
B11: RECEIPTS
B12: Precept | H12: 10414 | I12: =receiptsandpayment!I203 -> 10935
B13: Natl Grants | H13: 0
B14: Recreation Ground
B15: Cricket club
B16: Caravan Club
B17: VPA
B18: Lease Income (Poor Account separate to PC)
B19: Devolved Services Allowance from BCC | H19: 1184 | I19: =receiptsandpayment!J203 -> 1220.12
B20: Interest - Savings a/c | H20: 1.27 | I20: =receiptsandpayment!M203 -> 0
B21: Marquee Hire | H21: 150
B22: NALC Transparency Code Grant | H22: 0
B23: Grants / Donations | H23: 0 | I23: =receiptsandpayment!K203 -> 0
B24: Sale of Play Area Mower
B25: Reclaimable VAT | H25: 0 | I25: =receiptsandpayment!L203 -> 0
B26: Miscellaneous | I26: =receiptsandpayment!T203 -> 80
B27: Covid-19 Meals | I27: =receiptsandpayment!U203 -> 0
A28: Play Area | B28: Play Area fundraising
B29: Play Area Account - 200 Club | H29: 2240 | I29: =receiptsandpayment!R203 -> 80
A30: Village Green | B30: Interest - Village Green A/c | H30: 14 | I30: =receiptsandpayment!N203 -> 7.84
B31: Easement receipt | H31: 15000 | I31: =receiptsandpayment!S203 -> 0
B32: Wayleaves - BT | H32: 2650 | I32: =receiptsandpayment!O203 -> 0
B33: Wayleaves - UK PowerNetwork | H33: 310 | I33: =receiptsandpayment!P203 -> 0
B34: Wayleaves - Gigaclear | H34: 641.75 | I34: =receiptsandpayment!Q203 -> 0
B35: Transfer from Treasurer's for legal fees to Village Green a/c | H35: 1000 | I35: 0
B36: TOTAL | H36: =SUM(H12:H35) -> 33605.02 | I36: =SUM(I12:I35) -> 12322.96
B37: TOTAL w/o Village Green & Play Area income | C37: =C36-C29-C30-C31-C32-C33-C34-C35 -> 0 | H37: =H36-H29-H30-H31-H32-H33-H34-H35 -> 11749.27 | I37: =I36-I29-I30-I31-I32-I33-I34-I35 -> 12235.12
B39: PAYMENTS
B40: Wages net of PAYE | H40: 2653.8 | I40: =receiptsandpayment!V203 -> 1454.46
B41: HMRC PAYE | H41: 850 | I41: =receiptsandpayment!W203 -> 348.8
B42: Clerk's Expenses & Stationery | H42: 350 | I42: =receiptsandpayment!X203 -> 306.5
B43: Training Costs | H43: 350 | I43: =receiptsandpayment!Y203 -> 35
B44: Subscriptions - BALC, SLCC, OSS, BPFA, AVALC, BKV | H44: 250 | I44: =receiptsandpayment!Z203 -> 0
B45: Insurance | H45: 1150 | I45: =receiptsandpayment!AA203 -> 2111.55
B46: Legal Fees/Data protection - ICO | H46: 40 | I46: =receiptsandpayment!AB203 -> 0
B47: Election Costs | H47: 0 | I47: =receiptsandpayment!AC203 -> 0
B48: Internal Audit | H48: 95 | I48: =receiptsandpayment!AD203 -> 0
B49: External Audit | H49: 130 | I49: =receiptsandpayment!AE203 -> 0
B50: Hire of Village Hall for meetings | H50: 225 | I50: =receiptsandpayment!AF203 -> 0
B51: Play Around the Parishes | H51: 500 | I51: =receiptsandpayment!AG203 -> 0
B52: RoSPA Inspection | H52: 100 | I52: =receiptsandpayment!AH203 -> 0
B53: Village Notice Boards / Benches - maintenance & repairs | H53: 200 | I53: =receiptsandpayment!AI203 -> 0
B54: Grounds Maintenance/Contingency | H54: 750 | I54: =receiptsandpayment!AJ203 -> 926.73
B55: Jubilee | I55: =receiptsandpayment!AO203 -> 2251.96
B56: Pond | H56: 500 | I56: =receiptsandpayment!AP203 -> 0
B57: Emptying of Dog Bins (AVDC) | H57: 450 | I57: =receiptsandpayment!AQ203 -> 449.52
B58: Misc - MVAS, Exercise equipment, PA system | H58: 30 | I58: =receiptsandpayment!AU203 -> 1013.41
B59: Grants - Bike Night | H59: 170 | I59: =receiptsandpayment!AR203 -> 0
B60: Grants - Village Hall | H60: 150 | I60: =receiptsandpayment!AS203 -> 0
B61: Grants - Church S137 | H61: 150 | I61: =receiptsandpayment!AT203 -> 0
B62: Repayment of Legal Fees to Village Green account | H62: 1000 | I62: =receiptsandpayment!AV203 -> 0
B63: Website / Laptop | H63: 250
B64: Coronavirus | H64: 0 | I64: =receiptsandpayment!AW203 -> 0
B65: Archiving | H65: 15 | I65: 0
B66: VAT
A67: Play Area | B67: Play Area Maintenance | H67: 500 | I67: =receiptsandpayment!AX203 -> 0
B68: Pay Area Equipment | H68: 0 | I68: =receiptsandpayment!AY203 -> 0
B69: 200 Club lottery registration | H69: 40 | I69: =receiptsandpayment!AZ203 -> 40
B70: Play Area 200 Club prizes | H70: 1680 | I70: =receiptsandpayment!BA203 -> 780
B71: Youth Group grant
A72: Village Green | B72: Village Green Maintenance | H72: 1300 | I72: 1062
B73: Tractor Storage | H73: 1300
B74: Tractor servicing & repairs | H74: 350 | I74: =receiptsandpayment!AM203 -> 1124.98
B75: Mower servicing & repairs | H75: 300 | I75: =receiptsandpayment!AN203 -> 149.05
B76: TOTAL | H76: =SUM(H40:H73) -> 15178.8 | I76: =SUM(I40:I75) -> 12053.96
B77: Total w/o Village Green, Play Area expenditure | C77: =C76-C67-C70-C72 -> 0 | H77: =H76-H67-H70-H72 -> 11698.8 | I77: =I76-I67-I70-I72 -> 10211.96
B79: TOTAL RECEIPTS LESS TOTAL PAYMENTS | C79: =C36-C76 -> 0 | H79: =H36-H76 -> 18426.22 | I79: =I36-I76 -> 269
B81: CLOSING BOOK BALANCE | H81: =H9+H79 -> 18426.22 | I81: =I9+I79 -> 83170.44
B82: Chqs not yet presented
B85: Carried forward from 2021/22 | I85: 128.95
B86: June-22 | I86: 150
B87: August -22 | I87: 111.2
B88: Sept-22 | I88: 251.47
B92: CLOSING BANK BALANCE | I92: =SUM(I81:I91) -> 83812.06
B94: Reconciliation | I94: 2021/22
B95: Balance at Bank 1st April 2021 | I95: 82901.44
B96: Add: Income | I96: =I36 -> 12322.96
B97: Less: Expenditure | I97: =I76 -> 12053.96
B98: Balance available at Bank | I98: =I95+I96-I97 -> 83170.44
B100: Bank Reconciliation
B101: Treasurer's Account xx560 | I101: 5081.54
B102: Play Area Account xx968 | I102: 5523.29
B103: Savings Account xx860 | I103: 2.18
B104: Village Green Account xx168 | I104: 73205.05
B105: Balance at Bank | I105: =SUM(I101:I104) -> 83812.06
B106: Cheques not deposited | I106: 641.62
B107: Available at 31-01-22 | I107: =I105-I106 -> 83170.44

Sheet Explanation of Variances
A1: Section 1 | B1: 2020/21 | C1: 2021/22 | D1: Variance (+/-) | E1: Explanation of Variances
A3: Box 2 Precept | B3: 10160 | C3: 10414 | D3: =C3-B3 -> 254 | E3: Increase to allow for inflation
A5: Box 3 Other income | B5: 33696 | C5: 66178 | D5: =C5-B5 -> 32482 | E5: Easement: £50,193. Wayleave back payment: £2,163. VAT reclaim: £5, 025.13.
A7: Box 4 Staff Costs | B7: 3316 | C7: 3316 | D7: =C7-B7 -> 0 | E7: No comment required
A9: Box 5 Loan Interest | B9: 0 | C9: 0 | D9: =C9-B9 -> 0 | E9: No comment required
A11: Box 6 Other Payments | B11: 50476 | C11: 42437 | D11: =C11-B11 -> -8039 | E11: Last payment for new playgroud. Most of the expenditure for play Area used in 20/21
A13: Box 7 Balances C/Fwd | B13: 50745 | C13: 81674 | D13: =C13-B13 -> 30929 | E13: Easement: £50,193. Wayleave back payment: £2,163. VAT reclaim: £5, 025.13.
A15: Box 9 Fixed Assets | B15: 129574 | C15: 129574 | D15: =C15-B15 -> 0 | E15: No comment required
A17: Box 10 Total Borrowings | B17: 0 | C17: 0 | D17: =C17-B17 -> 0 | E17: No comment required
J23: =SUM(J7:J22) -> 0

Sheet End of Year Bank Rec
A1: Ludgershall Parish Council
A2: 1.1 Bank Reconciliation Financial Year Ending 31 March 2022
A4: Balance per Bank Statements as at 31 March 2022 | G4: O/S Cheques
A5: Current Account xx560 | E5: 6099.06 | G5: 3826.56
A6: Play Area Account xx968 | E6: 6203.29
A7: Savings Account xx860 | E7: 2.18
A8: Village Green Account xx168 | E8: 73197.21
A9: Net Balance as at 31 March 2022 | E9: =SUM(E5:E8) -> 85501.74 | F9: =SUM(E5:E8)-I5 -> 85501.74
A12: Cash Book
A13: Opening Balance 1 April 2021 | G13: 50745.56
A14: Add: Receipts in the Year | G14: 76592.19
A15: Less: Payments in the Year | G15: 45662.57
A16: Closing Balance per Cash Book as at 31 March 2017 | G16: =SUM(G13:G14)-G15 -> 81675.18

Sheet Asset Register
A1: Description | B1: Value £
A2: Village Green Title BM66944 purchased by the Village in 1980 | B2: 1
A3: Village Green Title BM79314 purchased by the Village in 1980 | B3: 1
A4: Kubota B3030 Tractor (purchased July 2013) | B4: 14934.6
A5: Wessex Finishing Mower (purchased July 2013) | B5: 1892.7
A6: Marquee (purchased from rder Sept 2004) | B6: 7163.98
A7: Street Furniture (4 Benches, 2 Noticeboards, 2 Rubbish bins, Picnic table) | B7: 4118.25
A8: 2 Notice Boards (purchased May 2013) | B8: 1880
A9: 3 Dog waste bins (purchased August 2013) | B9: 924.63
A10: Defibrillator & cabinet (purchased March 2014) | B10: 1598.25
A11: Playground Equipment 2020 | B11: 81000
A12: Strimmer for Play Area | B12: 180
A13: Bike Night Bench (purchased June 2014) | B13: 563
... A21: Barbecue | B21: 320
A22: Total | B22: =SUM(B2:B21) -> 129946.15

Sheet page 3
